Map: 카이로스 정션 - 래더

Players

Zanster

  • Race: Zerg Zerg
  • Spawn Location: 11:00

Stats - Winner!

  • Race: Protoss Protoss
  • Spawn Location: 5:00

Event: IEM Season 13: Katowice (2019)

VOD

Have the link to the VOD?

Description

Time

  • Played on: Feb. 26, 2019, 9:57 a.m.
  • Length: 8:55

All games in this series

Show
View Real Time Build Order
Export as new Build Order

Zanster Zerg 

Build Orders: Hatch First 

Get SALT Encoding   

  12  0:00  Drone  
  13  0:13  Overlord  
  13  0:17  Drone  
  14  0:31  Drone x2  
  16  0:48  Hatchery  
  15  0:52  Drone  
  15  0:55  Drone  
  17  0:58  Drone  
  18  1:09  Extractor  
  17  1:14  Spawning Pool  
  17  1:17  Drone  
  17  1:20  Drone  
  18  1:28  Drone  
  19  1:39  Drone  
  20  1:52  Drone  
  21  2:01  Queen x2, Overlord  
  21  2:02  Zergling x2  
  26  2:13  Zergling x2  
  26  2:15  Drone  
  28  2:23  Drone  
  28  2:24  Drone  
  30  2:32  Drone  
  30  2:33  Drone  
  32  2:42  Hatchery  
  31  2:45  Drone  
  31  2:48  Drone  
  33  2:52  Queen  
  33  2:57  Overlord  
  35  3:00  Drone  
  36  3:09  Overlord  
  36  3:15  Drone x3  
  36  3:16  Drone x3  
  36  3:17  Drone  
  36  3:19  Lair  
  43  3:22  Drone  
  44  3:29  Drone  
  44  3:31  Roach Warren  
  44  3:35  Drone  
  44  3:36  Drone  
  46  3:41  Drone  
  46  3:42  Drone x4  
  46  3:44  Overlord  
  51  3:50  Extractor, Drone x2  
  51  3:51  Extractor  
  51  3:54  Drone  
  52  3:57  Overlord  
  52  3:59  Drone  
  53  4:04  Extractor  
  53  4:09  Overlord  
  52  4:16  Drone x3  
  52  4:17  Roach, Drone  
  56  4:18  Roach x4  
  56  4:23  Overlord  
  66  4:29  Overlord  
  66  4:31  Glial Reconstitution  
  66  4:36  Overseer  
  66  4:38  Roach  
  68  4:42  Roach  
  68  4:44  Roach  
  72  4:45  Overlord  
  72  4:50  Roach x3  
  78  4:59  Drone x3  
  81  5:00  Roach  
  81  5:01  Roach x3  
  81  5:02  Overlord  
  81  5:06  Overlord  
  89  5:08  Overseer  
  89  5:14  Roach  
  89  5:16  Overlord  
  89  5:20  Roach x4  
  93  5:22  Overlord  
  93  5:28  Drone x5  
  98  5:33  Drone  
  98  5:34  Drone x3  
  102  5:38  Evolution Chamber, Drone  
  102  5:40  Roach  
  104  5:43  Queen  
  104  5:46  Overlord  
  106  5:52  Roach x2  
  106  5:56  Hydralisk Den, Drone x3  
  106  5:57  Extractor  
  111  5:58  Drone  
  111  6:00  Drone x2  
  111  6:01  Drone  
  114  6:05  Overlord  
  114  6:09  Overlord  
  114  6:11  Overlord  
  114  6:15  Zerg Missile Weapons Level 1  
  114  6:16  Overlord  
  114  6:17  Overlord  
  114  6:26  Extractor  
  114  6:27  Muscular Augments  
  110  6:35  Drone x4  
  110  6:36  Hydralisk x4, Drone x2  
  120  6:49  Hydralisk  
  120  6:50  Hydralisk x4  
  130  7:00  Hydralisk x4  
  138  7:04  Drone x2  
  138  7:05  Drone x2  
  138  7:08  Overlord  
  142  7:10  Overseer  
  142  7:13  Drone  
  143  7:24  Overlord  
  143  7:28  Hydralisk x5  
  153  7:31  Hatchery  
  152  7:37  Lurker Den  
  152  7:38  Roach x3  
  152  7:42  Overlord  
  152  7:44  Roach x2  
  160  7:49  Roach x3  
  166  7:55  Overseer  
  166  7:58  Roach  
  166  8:00  Overlord  
  166  8:01  Ravager  
  166  8:02  Overlord  
  166  8:04  Overlord  
  169  8:09  Roach x4  
  169  8:12  Overlord  
  153  8:21  Roach x6  
  153  8:24  Roach  
  126  8:31  Roach  
  126  8:33  Roach x2  
Show
View Real Time Build Order
Export as new Build Order

Stats Protoss - Winner!

Build Orders: 1 Gate Expand, Archon Immortal, Archon Drop, Dark Templar Rush 

Get SALT Encoding   

  12  0:00  Probe  
  13  0:12  Probe  
  14  0:18  Pylon  
  14  0:24  Probe  
  15  0:32  Probe  
  15  0:41  Probe  
  16  0:43  Gateway  
  16  0:47  Assimilator  
  17  0:51  Probe  
  18  1:03  Probe  
  19  1:15  Probe  
  20  1:22  Nexus  
  20  1:32  Cybernetics Core  
  20  1:34  Probe  
  21  1:40  Assimilator  
  21  1:47  Probe  
  22  1:50  Pylon  
  22  1:59  Adept, Probe  
  23  2:11  Warp Gate, Probe  
  26  2:23  Probe  
  26  2:28  Twilight Council, Stalker  
  29  2:31  Probe x2  
  31  2:39  Probe x2  
  33  2:49  Probe  
  33  2:50  Probe  
  33  2:53  Robotics Facility  
  35  3:01  Probe  
  35  3:02  Probe  
  37  3:13  Probe  
  37  3:14  Probe  
  37  3:16  Dark Shrine  
  37  3:17  Gateway  
  39  3:25  Probe  
  39  3:26  Gateway, Probe  
  41  3:30  Warp Prism  
  41  3:31  Gateway  
  41  3:38  Probe  
  44  3:47  Assimilator  
  44  3:49  Assimilator  
  44  3:50  Pylon  
  44  3:52  Probe  
  44  3:53  Probe  
  46  3:58  Warp Prism  
  46  4:01  Pylon  
  46  4:08  Probe x2  
  50  4:18  Pylon  
  50  4:20  Probe x2  
  50  4:21  Forge  
  52  4:29  Dark Templar x2  
  56  4:31  Protoss Ground Weapons Level 1  
  56  4:32  Archon  
  56  4:33  Dark Templar  
  56  4:36  Dark Templar  
  56  4:38  Observer  
  61  4:40  Probe  
  61  4:43  Pylon, Archon  
  62  4:59  Immortal, Pylon  
  66  5:09  Pylon  
  66  5:20  Dark Templar x2  
  70  5:25  Pylon  
  70  5:26  Probe x2  
  72  5:38  Immortal  
  76  5:44  Gateway  
  76  5:45  Gateway  
  76  5:52  Protoss Ground Weapons Level 2  
  76  5:53  Dark Templar x2  
  76  5:54  Archon  
  80  5:57  Archon  
  80  5:59  Pylon  
  80  6:00  Nexus  
  80  6:13  Charge  
  80  6:16  Immortal  
  84  6:21  Gateway  
  84  6:22  Gateway  
  84  6:37  Sentry, Zealot x2  
  84  6:38  Zealot  
  92  6:40  Probe x2  
  94  6:47  Immortal  
  94  6:56  Probe  
  94  6:57  Probe  
  100  7:04  Sentry x2, Zealot x2  
  100  7:05  Zealot  
  100  7:08  Pylon  
  110  7:15  Sentry  
  110  7:22  Probe x3  
  115  7:25  Zealot  
  115  7:26  Zealot x3  
  115  7:29  Pylon  
  123  7:38  Zealot x3  
  129  7:44  Zealot  
  129  7:45  Zealot  
  123  7:55  Zealot x3  
  129  7:59  Zealot x3  
  135  8:05  Zealot  
  135  8:06  Zealot  
  125  8:22  Zealot x6  
  109  8:28  Zealot x2  
  103  8:42  Zealot x6  
  103  8:48  Zealot x2  

Tags
 
Add a new tag
Caveats
  • Supply blocks, unpowered buildings, or Contaminate may cause inaccurate times.
  • Supply counts are checked every 10 seconds.